Map: Temple gelé

Players

Kane - Winner!

  • Race: Protoss Protoss
  • League: Gold
  • Spawn Location: 5:00

zidar

  • Race: Zerg Zerg
  • League: Platinum
  • Spawn Location: 11:00

VOD

Have the link to the VOD?

Description

Time

  • Played on: Nov. 4, 2016, 12:49 p.m.
  • Length: 8:54
Show
View Real Time Build Order
Export as new Build Order

Kane Protoss - Winner!

Build Orders: 1 Gate Expand 

Get SALT Encoding   

  12  0:01  Probe (Chrono Boost)  
  13  0:11  Probe (Chrono Boost)  
  14  0:19  Pylon  
  14  0:22  Probe (Chrono Boost)  
  15  0:38  Probe (Chrono Boost)  
  15  0:40  Gateway  
  16  0:48  Probe (Chrono Boost)  
  17  1:00  Probe (Chrono Boost)  
  18  1:06  Pylon  
  18  1:09  Assimilator  
  18  1:10  Probe (Chrono Boost)  
  19  1:21  Probe (Chrono Boost)  
  20  1:27  Cybernetics Core  
  20  1:41  Nexus  
  20  1:46  Probe (Chrono Boost)  
  21  1:56  Probe (Chrono Boost)  
  22  2:03  Gateway  
  22  2:04  Adept  
  24  2:17  Warp Gate (Chrono Boost)  
  25  2:22  Probe  
  25  2:31  Adept  
  27  2:37  Probe  
  28  2:44  Assimilator  
  28  2:47  Forge  
  28  2:50  Probe  
  29  2:52  Probe  
  30  2:58  Adept  
  30  2:59  Adept  
  32  3:35  Adept  
  32  3:36  Probe  
  32  3:38  Probe  
  36  3:47  Probe  
  36  3:50  Probe, Twilight Council  
  36  3:52  Pylon  
  38  3:57  Probe  
  38  4:02  Probe  
  40  4:08  Protoss Ground Weapons Level 1, Probe  
  41  4:15  Assimilator  
  41  4:18  Adept x2, Assimilator  
  41  4:21  Probe  
  41  4:22  Pylon  
  41  4:23  Probe  
  47  4:31  Robotics Facility  
  47  4:32  Probe  
  47  4:34  Gateway  
  47  4:35  Probe  
  47  4:36  Gateway  
  49  4:40  Pylon  
  49  4:42  Probe  
  50  4:48  Probe, Stalker x2  
  49  5:29  Adept  
  49  5:30  Adept  
  44  5:56  Mothership Core  
  46  6:00  Stalker x2  
  46  6:03  Probe  
  50  6:10  Photon Cannon  
  51  6:13  Photon Cannon  
  51  6:14  Probe, Warp Prism  
  51  6:18  Probe  
  55  6:24  Probe, Blink (Chrono Boost)  
  55  6:27  Protoss Ground Weapons Level 2 (Chrono Boost)  
  55  6:28  Pylon  
  55  6:30  Probe  
  55  6:31  Pylon  
  55  6:32  Stalker x3  
  63  6:37  Stalker  
  63  6:39  Probe  
  65  6:43  Probe  
  67  6:49  Probe  
  68  7:10  Stalker x2  
  68  7:11  Stalker x2  
  76  7:30  Immortal  
  80  7:38  Nexus  
  80  7:58  Stalker x3  
  70  8:51  Adept  
  70  8:52  Adept x2  
  70  8:53  Adept  
Show
View Real Time Build Order
Export as new Build Order

zidar Zerg 

Build Orders: Hatch First 

Get SALT Encoding   

  12  0:01  Drone  
  13  0:12  Overlord  
  13  0:21  Overlord  
  13  0:26  Drone  
  14  0:38  Drone x2  
  16  0:59  Hatchery  
  16  1:01  Drone  
  16  1:06  Extractor  
  16  1:07  Drone  
  16  1:24  Spawning Pool  
  15  1:26  Drone  
  16  1:36  Drone x2  
  18  1:40  Drone  
  19  2:20  Queen  
  19  2:21  Queen, Metabolic Boost  
  23  2:24  Zergling x2  
  23  2:25  Zergling x4  
  26  2:58  Pneumatized Carapace  
  25  3:05  Evolution Chamber  
  25  3:07  Drone x6  
  27  3:52  Baneling Nest  
  26  4:04  Lair  
  26  4:07  Drone x2  
  26  4:08  Drone x8  
  36  4:11  Overlord x2  
  36  4:26  Extractor  
  36  4:27  Drone  
  36  4:32  Extractor  
  36  4:33  Extractor  
  36  4:35  Baneling x4  
  34  4:57  Zergling x14  
  34  4:58  Zergling x4  
  27  6:12  Drone x5  
  27  6:13  Drone x3  
  35  6:21  Baneling x3  
  35  6:24  Baneling  
  35  6:42  Infestation Pit  
  34  6:53  Zergling x18  
  43  6:56  Overlord x2  
  43  7:04  Centrifical Hooks  
  41  7:26  Zergling x14  
  41  7:27  Zergling x4  
  50  7:35  Drone  
  51  7:50  Baneling x9  
  51  7:52  Baneling x3  
  51  8:19  Zergling x4  
  51  8:27  Overlord x2  
  51  8:28  Overlord  
Tags
 
Add a new tag
Caveats
  • Supply blocks, unpowered buildings, or Contaminate may cause inaccurate times.
  • Supply counts are checked every 10 seconds.